 BcadrenCrawl: Boulder Brew version 0.03.3.1-34-gd247f1d118 (webtiles) character file.

Game seed: 10180769884759108613, levelgen mode: deterministic

1797 Chiseanne the Ducker (level 9, -2/63 HPs) Goblin Demonspawn. Began on Mar 19, 2021. Slain by a merfolk ... wielding a +0 spear (6 damage) ... on level 4 of the Dungeon. The game lasted 00:12:24 (4005 turns).

Chiseanne the Ducker (Goblin Demonspawn)            Turns: 4005, Time: 00:12:24

Health: -2/63      AC: 10    Str: 11      XL:     9 ^: 1341
Magic:  0/14       EV: 14    Int: 11      God:
Gold:   222        SH:  1    Dex:  4 (6)  Spells: 18/19 levels left

rFire    . . .     Vision   .   a - +3 falchion (acid)
rCold    . . .     Gourm    .   f - +0 buckler
rNeg     . . .     Faith    .   m - +0 ring mail
rPois    .         Spirit   +   (no helmet)
rElec    .         Reflect  .   (no cloak)
rCorr    +         Harm     .   (no gloves)
MR       .....                  k - +0 pair of boots {run}
Stlth    +.........             h - amulet of guardian spirit
HPRegen  0.31/turn              b - ring of intelligence
MPRegen  0.24/turn              A - ring of Cuwk {rCorr Str+3 Slay+3}

@: quick
A: small, stagnant stats, goblin's greed, yellow scales 2, demonic guardian 1,
foul stench 1, low mp 1, mutation resistance 1, rot immunity, god's pity 2
a: no special abilities


You were on level 4 of the Dungeon.
You were not hungry.

You visited 2 branches of the dungeon, and saw 5 of its levels.

You collected 184 gold pieces.

Inventory:

Weapons
 a - a +3 falchion of caustic ooze (weapon)
 o - a +2 whip of molten steel
 s - a cursed +2 short sword of venom {(Curse: rC-)} Shields
 f - a +0 buckler (shield)
Armour
 k - a +0 pair of boots of running (worn)
 m - a +0 ring mail (worn)
Jewellery
 b - a ring of intelligence (left hand)
 h - an amulet of guardian spirit (around neck)
 n - an uncursed ring of poison resistance
 v - an uncursed ring of magical power
 A - the ring of Cuwk (right hand) {rCorr Str+3 Slay+3}
   (You found it on level 4 of the Dungeon)

   [ring of resist corrosion]

   It affects your strength (+3).
   It affects your accuracy and damage with ranged weapons and melee attacks
   (+3).
   It provides partial protection from all sources of acid and corrosion.
Wands
 w - a wand of flame (2)
Scrolls
 e - a scroll of teleportation
 g - a scroll of blinking
 i - a scroll of amnesia
 j - a scroll of bless item
 l - a scroll of fear
 r - 2 scrolls of magic mapping
 t - a scroll of silence
 u - a scroll of fog
 y - a scroll of holy word
Potions
 c - a potion of magic
 p - a potion of lignification
 q - a potion of heal wounds
 x - a potion of might
 B - a potion of curing
Comestibles
 d - 9 rations
 z - 4 chunks of flesh


   Skills:
 * Level 6.8 Fighting
 - Level 2.6 Short Blades
 * Level 4.9 Armour
 * Level 7.8 Dodging
 - Level 2.6 Stealth
 * Level 5.5 Shields
 * Level 5.6 Spellcasting
 - Level 2.6 Fire Magic
   Level 4.0 Invocations


You had 18 spell levels left.
You knew the following spells:

 Your Spells              Type           Power        Failure   Level  Hunger
a - Flame Tongue          Fire           9 (30)       10%         1    None

Your spell library contained the following spells:

 Spells                   Type           Power        Failure   Level  Hunger
 Conjure Flame            Fire           9 (100)      30%         3    ###....
 Blink                    Tloc           N/A          41%         2    ##.....
 Call Imp                 Summ           3 (100)      41%         2    ##.....
 Slow                     Hex            3 (100)      41%         2    ##.....
 Mephitic Cloud           Pois/Air       3 (100)      65%         3    ###....
 Bolt of Magma            Fire/Erth      6 (200)      99%         5    ######.
 Iskenderun's Battlesphe  Chrm/Erth      3 (100)      100%        5    ######.
 Iron Shot                Erth           3 (200)      100%        6    #######
 Iskenderun's Icy Sphere  Ice            3 (200)      100%        7    #######
 Spellforged Servitor     Summ           3 (200)      100%        7    #######


Dungeon Overview and Level Annotations

Branches:
Dungeon (4/8)              Temple (1/1) D:4

Altars:
Ashenzari
Cheibriados
Dithmenos
Elyvilon
Hepliaklqana
Kikubaaqudgha
Makhleb
Nemelex Xobeh
Okawaru
Ru
Sif Muna
Trog
Uskayaw
Vehumet
Yredelemnul
The Shining One


Innate Abilities, Weirdness & Mutations

Your stats never grow through leveling.
Your goblin ancestry allows you to find more gold. (+20%)
You are small and have problems with some larger weapons.
You are mostly covered in yellow scales. (AC +3)
A weak demonic guardian rushes to your aid.
You may emit foul miasma when damaged in melee.
Your magical capacity is low. (-10% MP)
You are somewhat resistant to further mutation.
You are immune to rotting.
The pity of the gods increases the power of your passive and invoked divine abilities.


Message History

* * * LOW HITPOINT WARNING * * *
The merfolk closely misses you (0). The merfolk blocks your attack.
The merfolk barely misses you (0).
You slash the merfolk (12)!
The merfolk is splashed with acid (2).
The merfolk hits you with a +0 spear (4).
* * * LOW HITPOINT WARNING * * *
You closely miss the merfolk.
The merfolk hits you with a +0 spear (8)!
* * * LOW HITPOINT WARNING * * *
You emit a cloud of foul miasma!
You barely miss the merfolk.
The merfolk is engulfed in dark miasma (6).
The merfolk is poisoned.
The merfolk hits you with a +0 spear (2).
* * * LOW HITPOINT WARNING * * *
You closely miss the merfolk.
The merfolk is engulfed in dark miasma (5).
The merfolk looks even sicker.
The merfolk seems to slow down.
The merfolk hits you with a +0 spear (6).
You die...

#. #. #. #. ###### #.
###5#)%######### #.
#.'.@m.##......#####.
#.#;;;;##...>........
#.######.....####'###
#............#.......
##.......###.#.......
#.......###.#...>...
#...........#.......
#...........#...)...
#...........####'###


You could see a merfolk, 4 neutral submerged rainbow trout (passive) and a
friendly iron imp.

Vanquished Creatures
  Pikel (D:3)
  A phantom (D:4)
  A scorpion (D:3)
  A porcupine (D:4)
  A big kobold (D:2)
  A bullfrog (D:2)
  A howler monkey (D:3)
  2 vampire bats (D:2)
  A gnoll shaman (D:3)
  An orc priest (D:3)
  A jelly (D:2)
  3 worker ants (D:3)
  An orc wizard (D:3)
  A bullfrog zombie (D:4)
  5 gnolls (D:3)
  A bullfrog skeleton (D:4)
  3 adders
  25 sewer rats (D:2)
  7 cinder newts
  2 worms
  An ooze (D:3)
  A dart slug (D:1)
  3 leopard geckos
  4 orcs
  2 ball pythons (D:2)
  6 bats
  2 goblins (D:1)
  3 hobgoblins (D:1)
  7 kobolds
  5 bat skeletons (D:2)
  A bat zombie (D:2)
  A kobold skeleton (D:2)
  3 rats (D:1)
  3 withered plants (D:2)
102 creatures vanquished.

Vanquished Creatures (collateral kills)
  2 scorpions (D:3)
  A crocodile (D:2)
  2 bullfrogs
  A quasit (D:4)
  An orc priest (D:3)
  4 sewer rats (D:2)
  A worm (D:3)
  A kobold (D:2)
  2 withered plants (D:2)
15 creatures vanquished.

Vanquished Creatures (others)
  A hound (D:3)
  A slimehead (D:2)
  79 withered plants (D:2)
81 creatures vanquished.

Grand Total: 198 creatures vanquished

Notes
Turn   | Place    | Note
-------+----------+-------------------------------------------
     0 | D:1      | Chiseanne the Goblin Demonspawn began the quest for the
                  | Orb.
     0 | D:1      | Reached XP level 1. HP: 13/13 MP: 2/2
    28 | D:1      | Gained mutation: A weak demonic guardian rushes to your
                  | aid. [demonic ancestry]
    28 | D:1      | Reached XP level 2. HP: 19/19 MP: 3/3
   111 | D:1      | Reached XP level 3. HP: 25/25 MP: 4/4
   527 | D:2      | Noticed a crocodile
   532 | D:2      | Killed a crocodile
   532 | D:2      | Reached skill level 5 in Dodging
   532 | D:2      | Gained mutation: You are partially covered in yellow
                  | scales. (AC +2) [demonic ancestry]
   532 | D:2      | Reached XP level 4. HP: 16/31 MP: 3/5
   628 | D:2      | Identified a +0 pair of boots of running
   761 | D:2      | Gained mutation: You are immune to rotting. [demonic
                  | ancestry]
   761 | D:2      | Reached XP level 5. HP: 36/36 MP: 6/6
   813 | D:2      | Reached skill level 1 in Shields
   907 | D:2      | Reached XP level 6. HP: 36/43 MP: 5/8
  1114 | D:2      | Reached skill level 1 in Armour
  1114 | D:2      | Reached skill level 6 in Dodging
  1114 | D:2      | Reached XP level 7. HP: 30/49 MP: 4/9
  1442 | D:2      | Found an ancient bone altar of Kikubaaqudgha.
  1900 | D:2      | Reached skill level 5 in Fighting
  2437 | D:3      | Gained mutation: You are mostly covered in yellow scales.
                  | (AC +3) [demonic ancestry]
  2437 | D:3      | Reached XP level 8. HP: 22/56 MP: 4/12
  2938 | D:3      | Reached skill level 7 in Dodging
  3138 | D:3      | Noticed Pikel
  3202 | D:3      | Killed Pikel
  3202 | D:3      | Reached skill level 5 in Shields
  3202 | D:3      | Reached skill level 5 in Spellcasting
  3202 | D:3      | Gained mutation: You may emit foul miasma when damaged in
                  | melee. [demonic ancestry]
  3202 | D:3      | Reached XP level 9. HP: 44/63 MP: 10/14
  3814 | D:4      | Identified the ring of Cuwk {rCorr Str+3 Slay+3}
  3878 | D:4      | Found a staircase to the Ecumenical Temple.
  3899 | Temple   | Entered the Ecumenical Temple
  3990 | D:4      | Noticed a merfolk
  4005 | D:4      | Slain by a merfolk

Levels and vault maps discovered:
D:1:      dpeg_arrival_rhombus, layout_rooms, minmay_misc_feat_diagonals,
          minmay_distorted
D:2:      layout_sewer, kennysheep_vampire_church
D:3:      layout_loops_corners, first_ration, uniq_pikel
D:4:      layout_basic, bcadren_lemuel_inverted_doored_altar, temple_green,
          basic_altar, hangedman_fish_farm
Temple:   eino_wide_crystal_templ

Skill      XL: |  1  2  3  4  5  6  7  8 |
---------------+-------------------------+-----
Fighting       | 2 3 4 5 6 |  6.8
Dodging        | 5 6 7 |  7.8
Spellcasting   | 2 3 4 5 |  5.6
Shields        | 1 2 3 5 |  5.5
Armour         | 1 2 4 |  4.9
Short Blades   | |  2.6
Stealth        | |  2.6
Fire Magic     | |  2.6
Invocations    | |  4.0

Action                   |  1- 3 |  4- 6 |  7- 9 || total
-------------------------+-------+-------+-------++-------
Melee: Rapier            |    48 |   137 |   203 ||   388
       Unarmed           |    17 |       |       ||    17
       Whip              |    12 |       |       ||    12
       Mace              |     4 |     2 |       ||     6
       Falchion          |       |       |   129 ||   129
  Use: Scroll            |       |       |     1 ||     1
 Stab: Sleeping          |     1 |       |       ||     1
       Distracted        |       |     1 |     2 ||     3
  Eat: Chunk             |       |     1 |    10 ||    11
Armor: Leather armour    |     8 |    25 |       ||    33
       Ring mail         |       |    10 |   141 ||   151
Dodge: Dodged            |    48 |   152 |   315 ||   515
Block: Buckler           |       |       |     3 ||     3
       Rpst.: Falchion   |       |       |    28 ||    28
